 Dungeon Crawl Stone Soup version 0.31.0-12-g77e489cdc1 (webtiles) character file.

Game seed: 1669563162122377091

3285 Aldia the Summoner (level 9, 22/44 HPs)
             Began as a Felid Summoner on Feb 14, 2024.
             Quit the game on level 8 of the Dungeon.
             The game lasted 00:28:06 (7533 turns).

Aldia the Summoner (Felid Summoner)                 Turns: 7533, Time: 00:28:06

Health: 22/44      AC:  2    Str:  4      XL:     9   Next: 69%
Magic:  29/29      EV: 18    Int: 22      God:
Gold:   463        SH:  0    Dex: 16 (18) Spells: 7/21 levels left
                                        Lives:  0   Deaths: 3

rFire   + . .        (weapon unavailable)
rCold   . . .        (shield unavailable)
rNeg    . . .        (body armour unavailable)
rPois   .            (helmet unavailable)
rElec   .            (cloak unavailable)
rCorr   .            (gloves unavailable)
SInv    +            (boots unavailable)
Will    +....        (no amulet)
Stlth   +++          g - ring of magical power
HPRegen 0.27/turn    z - ring of protection from fire
MPRegen 0.21/turn

%: no passive effects
@: inugami summoned
A: very small, claws 1, fangs 3, see invisible, shaggy fur 2, stealthy paws, no
weapons or thrown items, no armour, multi-lived
a: no special abilities


You were on level 8 of the Dungeon.
You visited 2 branches of the dungeon, and saw 9 of its levels.

You collected 463 gold pieces.

Inventory:

Jewellery
 d - an amulet of guardian spirit
 g - a ring of magical power (left paw)
 h - a ring of magical power
 u - the amulet of Cuitetuyh {Spirit Harm Will+}
   (You found it on level 5 of the Dungeon)

   [amulet of guardian spirit]

   Spirit:    It causes incoming damage to be divided between your reserves of
   health and magic.
   Will+:     It increases your willpower.
   Harm:      It increases damage dealt and taken.
 z - a ring of protection from fire (right paw)
Wands
 l - a wand of flame (50)
Scrolls
 c - a scroll of immolation {unknown}
 i - a scroll of amnesia {unknown}
 j - a scroll of teleportation
 k - a scroll of revelation {unknown}
 q - a scroll of poison
 x - 2 scrolls of noise
 y - a scroll of brand weapon {unknown}
 A - a scroll of fog {unknown}
Potions
 a - a potion of magic
 b - 2 potions of mutation
 e - 2 potions of lignification
 f - 2 potions of attraction
 m - 4 potions of curing
 n - 2 potions of berserk rage
 o - 2 potions of degeneration
 p - a potion of heal wounds
 r - a potion of cancellation {unknown}
 t - 2 potions of brilliance {unknown}
 v - 2 potions of resistance {unknown}
 w - a potion of might {unknown}


   Skills:
 - Level 3.0 Fighting
 - Level 4.0 Dodging
 + Level 5.0 Stealth
 + Level 6.7 Spellcasting
 + Level 8.2 Summonings
 - Level 5.0 Fire Magic
 * Level 4.9 Air Magic


You had 7 spell levels left.
You knew the following spells:

 Your Spells              Type           Power      Damage    Failure   Level
a - Summon Small Mammal   Summ           100%       N/A       1%          1
b - Call Imp              Summ           86%        N/A       1%          2
c - Call Canine Familiar  Summ           43%        N/A       1%          3
d - Summon Blazeheart Go  Fire/Summ      36%        N/A       5%          4
e - Summon Lightning Spi  Summ/Air       36%        N/A       5%          4

Your spell library contained the following spells:

 Spells                   Type           Power      Damage    Failure   Level
 Foxfire                  Conj/Fire      72%        2x1d7     3%          1
 Apportation              Tloc           14%        N/A       9%          1
 Necrotise                Necr           28%        1d5       9%          1
 Sting                    Conj/Alch      28%        1d4       9%          1
 Ensorcelled Hibernation  Hex/Ice        14%        N/A       13%         2
 Fugue of the Fallen      Necr           7%         N/A       26%         3
 Anguish                  Hex/Necr       3%         N/A       63%         4
 Plasma Beam              Fire/Air       14%        2x1d25    86%         6
 Conjure Ball Lightning   Conj/Air       9%         3x3d6     99%         6
 Starburst                Conj/Fire      9%         6d5       99%         6
 Discord                  Hex            3%         N/A       100%        8
 Disjunction              Tloc           3%         N/A       100%        8


Dungeon Overview and Level Annotations

Branches:
Dungeon (8/15)             Temple (1/1) D:6
   Lair: D:8-11

Altars:
Ashenzari
Cheibriados
Dithmenos
Elyvilon
Fedhas
Gozag
Hepliaklqana
Nemelex Xobeh
Okawaru
Ru
Sif Muna
Trog
Uskayaw
Vehumet
Wu Jian
Yredelemnul
Zin
The Shining One

Annotations:
D:4 Pikel
D:7 Jeremiah


Innate Abilities, Weirdness & Mutations

You have sharp claws.
You have razor-sharp teeth.
You have supernaturally acute eyesight. (SInv)
You are covered in thick fur. (AC +2)
Your paws help you pounce on unaware monsters.
You are incapable of wielding weapons or throwing items.
You cannot wear armour.
You gain extra lives every three experience levels.


Message History

Unknown command.
The centaur attacks as it pursues you!
The centaur unwields a +0 shortbow.
The centaur completely misses you. x2
The centaur wields a +0 shortbow.
The centaur shoots an arrow.
The arrow hits you! The quasit closely misses you.
The quasit completely misses you. The quasit closely misses you.
The centaur shoots an arrow.
The arrow completely misses you. The quasit attacks as it pursues you!
The quasit bites you.
The quasit claws you but does no damage.
The quasit completely misses you.
The ufetubus closely misses your inugami. x2
The quasit bites you. The quasit closely misses you.
The quasit barely misses you.
The ufetubus closely misses your inugami. x2
Your inugami hits the centaur but does no damage.
The quasit bites you. The quasit completely misses you.
The quasit closely misses you.
Your inugami hits the centaur. The quasit closely misses you.
The quasit claws you.
You feel clumsy.
The quasit claws you but does no damage.
The centaur shoots an arrow.
The arrow barely misses you. The quasit attacks as it pursues you!
The quasit barely misses you. The quasit closely misses you.
The quasit claws you.
The centaur shoots an arrow.
The arrow misses you. The quasit attacks as it pursues you!
The quasit bites you but does no damage.
The quasit closely misses you. x2
The quasit misses you.
The quasit claws you but does no damage.
The quasit closely misses you.
Things that are here:
a +0 robe; a +0 dagger The quasit attacks as it pursues you!
The quasit closely misses you.
The quasit claws you but does no damage.
The quasit misses you. The quasit attacks as it pursues you!
The quasit closely misses you.
The quasit claws you but does no damage.
The quasit closely misses you. The quasit barely misses you. x3
Are you sure you want to abandon this character and quit the game? (Confirm with "yes".)

#......# #..........#
##......# #..........#
........#####..........#
......................##
..####..######....PP..##
##.# #........♣.#
#.....##.......P..#
#....>#)..))......#
#......).@.[<.....#
#.#......#)55†[.....#
.###........##.[......##
............##c......##
............##[#######
..............##h#
...........#..##.#
..............##.##
..................#


You could see a centaur, a quasit (ally target), an ufetubus and a friendly
inugami (summoned).

Vanquished Creatures
  A steam dragon (D:7)
  A water moccasin (D:5)
  An ice beast (D:8)
  A centaur (D:7)
  A wight (D:7)
  5 killer bees (D:8)
  An iguana (D:5)
  An adder (D:4)
  3 orcs
  3 ball pythons
  3 endoplasms
  A giant cockroach (D:1)
  3 hobgoblins
  A quokka (D:3)
  4 bats
  2 frilled lizards
  4 goblins
  3 kobolds
  6 rats
45 creatures vanquished.

Vanquished Creatures (collateral kills)
  Menkaure (D:6)
  An acid dragon (D:7)
  3 water moccasins
  An orc warrior (D:8)
  A black bear (D:7)
  3 ice beasts
  2 ogres
  A kobold brigand (D:8)
  3 bullfrogs
  A scorpion (D:5)
  3 wights (D:7)
  A killer bee (D:8)
  A howler monkey (D:7)
  2 quasits (D:8)
  2 jellies
  A hound (D:4)
  3 orc priests
  2 gnoll boudas
  2 sleepcaps
  Jessica (D:2)
  An iguana (D:7)
  Terence (D:2)
  4 orc wizards
  Robin (D:2)
  12 gnolls
  8 adders
  3 shadow imps (D:8)
  A white imp (D:7)
  An ufetubus (D:8)
  2 ribbon worms
  14 orcs
  An endoplasm (D:1)
  9 goblins
  9 hobgoblins
  3 kobolds
  A quokka (D:1)
  2 ball pythons
  A bat (D:3)
  A rat (D:1)
110 creatures vanquished.

Vanquished Creatures (others)
  5 blazeheart cores
5 creatures vanquished.

Grand Total: 160 creatures vanquished

Notes
Turn   | Place    | Note
-------+----------+-------------------------------------------
     0 | D:1      | Aldia the Felid Summoner began the quest for the Orb.
     0 | D:1      | Reached XP level 1. HP: 9/9 MP: 4/4
   268 | D:1      | Reached XP level 2. HP: 9/13 MP: 4/6
   271 | D:1      | Learned a level 2 spell: Call Imp
   710 | D:1      | Found a faded altar of an unknown god.
   927 | D:2      | Noticed Robin
   927 | D:2      | Noticed Jessica
   955 | D:2      | Killed Jessica
   956 | D:2      | Reached XP level 3. HP: 12/16 MP: 2/8
   962 | D:2      | Learned a level 3 spell: Call Canine Familiar
  1147 | D:2      | Killed Robin
  1220 | D:2      | Reached XP level 4. HP: 21/21 MP: 9/9
  1220 | D:2      | Gained a life (2 lives remaining)
  1409 | D:2      | Noticed Terence
  1413 | D:2      | Killed Terence
  1414 | D:2      | Reached skill level 5 in Summonings
  1767 | D:2      | Identified the +1 scale mail of Tulips {rN++}
  1974 | D:3      | Found an ornate altar of the Wu Jian Council.
  1979 | D:3      | Found a blossoming altar of Fedhas.
  2045 | D:3      | Reached XP level 5. HP: 24/24 MP: 11/11
  2052 | D:3      | Learned a level 4 spell: Summon Blazeheart Golem
  2478 | D:4      | Found Zawib's Neck Hole.
  2730 | D:4      | Reached skill level 1 in Fire Magic
  2741 | D:4      | Gained mutation: You are covered in thick fur. (AC +2)
                  | [Felid growth]
  2741 | D:4      | Reached XP level 6. HP: 28/28 MP: 13/13
  2787 | D:4      | Noticed Pikel
  3373 | D:4      | HP: 1/42 [Pikel/+2 whip of freezing (3)]
  3374 | D:4      | Slain by a lemure
  3374 | D:4      | Lost a life (1 life remaining)
  3433 | D:5      | Entered Level 5 of the Dungeon
  3433 | D:5      | Noticed a water moccasin
  3463 | D:5      | Reached skill level 6 in Summonings
  3480 | D:4      | Learned a level 4 spell: Summon Lightning Spire
  3640 | D:5      | Noticed a water moccasin
  3649 | D:5      | Killed a water moccasin
  3650 | D:5      | Reached XP level 7. HP: 32/32 MP: 15/15
  3650 | D:5      | Gained a life (2 lives remaining)
  3671 | D:5      | Reached skill level 1 in Fighting
  3771 | D:5      | Reached skill level 5 in Spellcasting
  3978 | D:5      | Reached XP level 8. HP: 39/39 MP: 16/16
  4040 | D:5      | Found a glowing silver altar of Zin.
  4052 | D:5      | Identified the amulet of Cuitetuyh {Spirit Harm Will+}
  4928 | D:6      | Reached skill level 7 in Summonings
  4948 | D:6      | Found a staircase to the Ecumenical Temple.
  4969 | D:6      | Reached skill level 5 in Fire Magic
  4981 | Temple   | Entered the Ecumenical Temple
  5007 | D:6      | Noticed Menkaure
  5017 | D:6      | Killed Menkaure
  5018 | D:6      | Reached skill level 1 in Air Magic
  5109 | D:6      | Found a white marble altar of Elyvilon.
  5114 | D:6      | Found a sparkling altar of Nemelex Xobeh.
  5914 | D:7      | Found a glowing golden altar of the Shining One.
  5955 | D:7      | Reached XP level 9. HP: 38/43 MP: 17/19
  6062 | D:7      | Found a sacrificial altar of Ru.
  6393 | D:7      | Found a bloodstained altar of Trog.
  6415 | D:7      | Found a radiant altar of Vehumet.
  6611 | D:7      | Noticed Jeremiah
  6985 | D:8      | Reached skill level 8 in Summonings
  7230 | D:7      | Found a snail-covered altar of Cheibriados.
  7255 | D:8      | Shot with an arrow by a centaur
  7255 | D:8      | Lost a life (1 life remaining)
  7283 | D:8      | HP: 2/44 [ufetubus (1)]
  7288 | D:8      | HP: 1/66 [ufetubus (1)]
  7290 | D:8      | Slain by an ufetubus
  7290 | D:8      | Lost a life (0 lives remaining)
  7399 | D:8      | Reached skill level 5 in Stealth
  7533 | D:8      | Quit the game

Illustrated notes

Levels and vault maps discovered:
D:1:      amcnicky_arrival_double_pillar, layout_loops_ring,
          shapermc_ecumenical_altar_hornbeckon
D:2:      kennysheep_big_flooded_room, layout_loops_ring, uniq_robin,
          uniq_jessica, uniq_terence
D:3:      layout_rooms, grunt_temple_overflow_open, dreamdust_princess_corridor
D:4:      layout_cave_pods, nicolae_shop_sticking_my_neck_out, uniq_pikel
D:5:      layout_loops_ring, overflow_temple_1_default, serial_aquarium,
          aquarium_bridge_long_joined [aquarium_subvault_wall,
          aquarium_subvault_balcony, aquarium_subvault_balcony,
          aquarium_subvault_wall, aquarium_subvault_bridge,
          aquarium_subvault_window], aquarium_bridge_island_large
          [aquarium_subvault_large_4_pools, aquarium_subvault_wall,
          aquarium_subvault_wall, aquarium_subvault_bridge,
          aquarium_subvault_bridge], aquarium_window_1, aquarium_window_3,
          aquarium_view_2e
D:6:      layout_loops_ring, mainiacjoe_overflow_big_doors,
          minmay_temple_entry_ruins, uniq_menkaure
D:7:      layout_loops_ring, nicolae_ru_path_of_blood,
          mainiacjoe_overflow_alcove_4, lemuel_tele_altar,
          jmf_multi_god_temple2, nicolae_underground_beach, uniq_jeremiah
D:8:      layout_rooms, lemuel_doored_altar, lair_entry_dummy, enter_bailey_5,
          serial_demonic, serial_demonic_a, serial_demonic_c, serial_demonic_b,
          serial_demonic_a, serial_demonic_a
Temple:   nicolae_temple_colour_theory

Skill      XL: |  1  2  3  4  5  6  7  8  9 |
---------------+----------------------------+-----
Spellcasting   | 3 4 5 6 |  6.7
Summonings     | 5 6 7 8 |  8.2
Fire Magic     | 1 2 4 5 |  5.0
Fighting       | 2 3 |  3.0
Dodging        | 4 |  4.0
Air Magic      | 2 4 |  4.9
Stealth        | 5 |  5.0

Action                     |  1- 3 |  4- 6 |  7- 9 || total
---------------------------+-------+-------+-------++-------
  Melee: Unarmed           |    36 |    70 |    97 ||   203
         Bite              |     3 |     5 |     4 ||    12
         Punch             |       |     2 |     2 ||     4
   Cast: Summon Small Mamm |    15 |     9 |     9 ||    33
         Call Imp          |     7 |    12 |    21 ||    40
         Call Canine Famil |     1 |    21 |    49 ||    71
         Summon Blazeheart |       |     1 |     6 ||     7
         Summon Lightning  |       |       |     4 ||     4
  Evoke: Wand              |       |       |     6 ||     6
    Use: Scroll            |       |     4 |     8 ||    12
         Potion            |       |     1 |     4 ||     5
   Stab: Sleeping          |     5 |     7 |     1 ||    13
         Distracted        |     1 |       |     1 ||     2
 Armour: Skin              |    21 |    64 |   185 ||   270
  Dodge: Dodged            |    25 |    81 |   202 ||   308
